 Dungeon Crawl Stone Soup version 0.29-a0-330-g52719c12eb (webtiles) character file.

Game seed: 17356157444889367096

117 Gwenloh the Grave Robber (level 4, -1/30 HPs)
             Began as a Demonspawn Wanderer on May 17, 2022.
             Slain by a water moccasin (3 damage)
             ... on level 5 of the Dungeon.
             The game lasted 00:14:02 (5155 turns).

Gwenloh the Grave Robber (Demonspawn Wanderer)      Turns: 5155, Time: 00:14:03

Health: -1/30      AC:  5    Str: 13    XL:     4   Next: 71%
Magic:  2/7        EV: 11    Int: 16    God:
Gold:   214        SH:  0    Dex: 11    Spells: 6/7 levels left

rFire   + . .      SeeInvis .   b - +1 hunting sling (flame)
rCold   + . .      Faith    .   (no shield)
rNeg    . . .      Spirit   .   i - +0 leather armour
rPois   +          Reflect  .   (no helmet)
rElec   +          Harm     .   (no cloak)
rCorr   +          Rampage  .   j - +0 pair of gloves
Will    .....                   (no boots)
Stlth   +.........              (no amulet)
HPRegen 0.10/turn               (no ring)
MPRegen 0.10/turn               (no ring)

@: lethally poisoned (-1 -> -9), resistant, very slightly contaminated
A: sharp scales 1, weakness stinger 1
a: no special abilities


You were on level 5 of the Dungeon.
You visited 1 branch of the dungeon, and saw 5 of its levels.
You also visited: Sewer.

You collected 214 gold pieces.

Inventory:

Hand Weapons
 a - a +0 dagger
 b - a +1 hunting sling of flaming (weapon)
 h - a +0 club
Missiles
 e - 69 stones
 f - 6 atropa-tipped darts
 g - 2 boomerangs
 l - 6 datura-tipped darts
 m - 2 throwing nets
Armour
 c - a +0 ring mail
 i - a +0 leather armour (worn)
 j - a +0 pair of gloves (worn)
Scrolls
 p - 2 scrolls of teleportation
 r - a scroll of fog
 s - a scroll of enchant armour
 t - a scroll of silence
 u - a scroll of magic mapping {unknown}
 w - a scroll of summoning {unknown}
 x - a scroll of fear
 y - a scroll of identify
 z - a scroll of immolation {unknown}
Potions
 k - 2 potions of brilliance
 n - 2 potions of curing {unknown}
 o - 2 potions of heal wounds {unknown}
 q - 4 potions of might {unknown}
 v - 3 potions of degeneration {unknown}


   Skills:
 * Level 0.0 Fighting
 + Level 2.6 Armour
 + Level 2.1 Dodging
 + Level 2.1 Spellcasting
 * Level 4.1 Necromancy
 - Level 2.8 Transmutations


You had 6 spell levels left.
You knew the following spells:

 Your Spells              Type           Power      Damage    Failure   Level
a - Pain                  Necr           56%        1d6       4%          1

Your spell library contained the following spells:

 Spells                   Type           Power      Damage    Failure   Level
 Wereblood                Tmut           10%        N/A       12%         2
 Corpse Rot               Necr/Air       16%        N/A       17%         2
 Passwall                 Tmut/Erth      5%         N/A       22%         2
 Static Discharge         Conj/Air       1%         N/A       36%         2
 Animate Dead             Necr           7%         N/A       43%         4
 Lightning Bolt           Conj/Air       0%         1d11      100%        5
 Maxwell's Capacitive Co  Air            0%         ∞         100%        8


Dungeon Overview and Level Annotations

Branches:
Dungeon (5/15)              Sewer (visited)
 Temple: D:4-7

Altars:
Makhleb

Shops:
D:3 *

Annotations:
D:5 Grinder


Innate Abilities, Weirdness & Mutations

You are partially covered in razor-sharp scales. (AC +1, Slay +1)
You have a small tail.


Message History

Aiming: Pain (safe; 4% risk of failure)
Press: ? - help, Shift-Dir - straight line, f/p - water moccasin
Aim: a water moccasin (chance to affect: 71%)
You miscast Pain.
Nothing appears to happen.
You feel very sick. The water moccasin bites you.
You are lethally poisoned!
The water moccasin poisons you! The water moccasin barely misses you.
Casting: Pain (safe; 4% risk of failure)
Confirm with . or Enter, or press ? or * to list all spells.
Aiming: Pain (safe; 4% risk of failure)
Press: ? - help, Shift-Dir - straight line, f/p - water moccasin
Aim: a water moccasin (chance to affect: 71%)
The water moccasin writhes in agony.
You feel very sick. The water moccasin closely misses you.
Casting: Pain (safe; 4% risk of failure)
Confirm with . or Enter, or press ? or * to list all spells.
Aiming: Pain (safe; 4% risk of failure)
Press: ? - help, Shift-Dir - straight line, f/p - water moccasin
Aim: a water moccasin (lightly wounded, chance to affect: 71%)
You miscast Pain.
Nothing appears to happen.
You feel very sick. The water moccasin bites you.
* * * LOW HITPOINT WARNING * * *
The water moccasin bites you but does no damage.
Casting: Pain (safe; 4% risk of failure)
Confirm with . or Enter, or press ? or * to list all spells.
Aiming: Pain (safe; 4% risk of failure)
Press: ? - help, Shift-Dir - straight line, f/p - water moccasin
Aim: a water moccasin (lightly wounded, chance to affect: 71%)
The water moccasin writhes in agony.
* * * LOW HITPOINT WARNING * * *
You feel very sick. The water moccasin barely misses you.
It was a potion of resistance.
You feel protected.
* * * LOW HITPOINT WARNING * * *
You feel sick. The water moccasin bites you.
You die...

#### #.. #. #.#
#.. ##.#####.
#..####........
.........###
#.##.......#
#.......#
##....@..###
#..[.S.....# .
#........#.#
?..###........#.#
..............#.#
........#.....#.#
........#.....#.#
.[......#.....#.#
........#.....#.#


You could see a water moccasin.

Vanquished Creatures
  A hound (D:4)
  3 adders
  2 worms
  3 dart slugs
  An orc (D:4)
  6 bats
  5 endoplasms
  3 giant cockroaches
  4 goblins
  6 kobolds
  4 quokkas (D:4)
  4 ball pythons
  3 frilled lizards
  5 rats
50 creatures vanquished.

Notes
Turn   | Place    | Note
-------+----------+-------------------------------------------
     0 | D:1      | Gwenloh the Demonspawn Wanderer began the quest for the
                  | Orb.
     0 | D:1      | Gwenloh set off with the following items: a +0 club, a
                  | scroll of fear, a +0 ring mail; and the following spell
                  | memorised: Pain; and the following spells available to
                  | memorise: Wereblood, Corpse Rot, Passwall, Animate Dead
     0 | D:1      | Reached XP level 1. HP: 13/13 MP: 2/2
   485 | D:1      | Gained mutation: You are partially covered in razor-sharp
                  | scales. (AC +1, Slay +1) [demonic ancestry]
   485 | D:1      | Reached XP level 2. HP: 18/19 MP: 0/3
  1569 | D:2      | Found a faded altar of an unknown god.
  1911 | D:2      | Reached XP level 3. HP: 22/24 MP: 3/5
  2847 | D:3      | Found Weadel Adyrgh's Assorted Antiques.
  3518 | D:4      | Found a burning altar of Makhleb.
  3529 | D:4      | Reached skill level 4 in Necromancy
  3529 | D:4      | Gained mutation: You have a small tail. [demonic ancestry]
  3529 | D:4      | Reached XP level 4. HP: 24/30 MP: 0/6
  4009 | D:4      | Found a glowing drain.
  4029 | Sewer    | Entered a sewer
  4191 | Sewer    | Noticed Pargi
  5052 | D:5      | Entered Level 5 of the Dungeon
  5057 | D:5      | Noticed Grinder
  5143 | D:5      | Noticed a water moccasin
  5155 | D:5      | Slain by a water moccasin

Illustrated notes

Levels and vault maps discovered:
D:1:      dpeg_arrival_prison, layout_loops_ring
D:2:      layout_loops_corners, shapermc_ecumenical_altar_hornbeckon,
          minmay_tiny_reverse_x
D:3:      minmay_inner_zag, layout_loops_ring, serial_shops, shop
D:4:      layout_basic, makhleb_blood_cavern_becter, gup_sewer_entry_pipe,
          amcnicky_mini_pool_small
D:5:      layout_loops_ring, minmay_temple_entry_arrows, uniq_grinder, uniq_ijyb

Skill      XL: |  1  2  3  4 |
---------------+-------------+-----
Armour         | 2 |  2.6
Dodging        | 2 |  2.1
Necromancy     | 4 |  4.1
Spellcasting   | 2 |  2.1
Transmutations | |  2.8

Action                   |  1- 3 |  4- 6 || total
-------------------------+-------+-------++-------
Melee: Club              |     6 |       ||     6
       Dagger            |    37 |     9 ||    46
       Tailslap          |       |     1 ||     1
 Fire: Hunting sling     |     9 |    17 ||    26
Throw: Dart              |     5 |       ||     5
       Stone             |     1 |       ||     1
 Cast: Pain              |    61 |    36 ||    97
  Use: Scroll            |     4 |     3 ||     7
       Potion            |     1 |     1 ||     2
Armor: Ring mail         |    31 |    15 ||    46
       Leather armour    |       |     1 ||     1
Dodge: Dodged            |    52 |    28 ||    80

Table legend: (Time is in decaauts)
 A = Elapsed time spent in this place.
 B = Non-inter-level travel time spent in this place.
 C = Inter-level travel time spent in this place.
 D = Time resting spent in this place.
 E = Time spent auto-exploring this place.
 F = Levels seen in this place.
 G = Mean time per level.
                   A        B        C        D        E       F      G
               +--------+--------+--------+--------+--------+-----+--------+
         Total |   5184 |   5022 |    162 |    499 |   3808 |   6 |  864.0 |
       Dungeon |   5010 |   4848 |    162 |    435 |   3808 |   5 | 1002.0 |
         Sewer |    173 |    173 |      0 |     64 |      0 |   1 |  173.0 |
               +--------+--------+--------+--------+--------+-----+--------+

Top non-repeatable levels by time:
     D:4: 1487 daAuts
     D:1: 1396 daAuts
     D:3: 1139 daAuts
     D:2: 921 daAuts
   Sewer: 173 daAuts
     D:5: 65 daAuts
